 Dungeon Sprint DCSS version 0.26-a0-663-g36e8fdb655 (webtiles) character file.

Game seed: 3143038895077879894

80076 mhtbhm the Archmage (level 14, -9/72 HPs)
             Began as a Deep Elf Earth Elementalist on Oct 11, 2020.
             Was the Champion of Vehumet.
             Mangled by Mennas
             ... wielding a +4 sacred scourge of holy wrath
              (17 damage)
             ... in the Dungeon (Sprint III: "The Ten Rune Challenge").
             The game lasted 00:33:47 (6052 turns).

mhtbhm the Archmage (Deep Elf Earth Elementalist)   Turns: 6052, Time: 00:33:48

Health: -9/72      AC:  8    Str:  5    XL:     14   Next: 81%
Magic:  20/47      EV: 21    Int: 29    God:    Vehumet [******]
Gold:   1963       SH:  0    Dex: 15    Spells: 15/67 levels left

rFire    . . .     SeeInvis +   D - staff of earth
rCold    + + .     Faith    .   (no shield)
rNeg     . . .     Spirit   .   f - +1 troll leather armour {Snorg}
rPois    .         Reflect  .   H - +2 hat
rElec    +         Harm     .   (no cloak)
rCorr    .         Rampage  .   (no gloves)
MR       .....     NoTele   +   (no boots)
Stlth    ++........             s - amulet of Xeotz {Acrobat +Blink rC++ Int-3 SInv}
HPRegen  0.62/turn              t - ring "Gexy" {EV+4 Stlth+}
MPRegen  0.30/turn              x - ring "Etsae" {rElec MR- Int+6 SInv}

@: glowing
A: no striking features
}: 1/10 runes: serpentine
a: Renounce Religion, Evoke Blink


You were in the Dungeon.
You worshipped Vehumet.
Vehumet was exalted by your worship.
You visited 1 branch You collected 2605 gold pieces.
You spent 642 gold pieces at shops.

Inventory:

Missiles
 b - 26 stones (quivered)
 E - 7 curare-tipped darts
Armour
 f - a +1 troll leather armour (worn) {Snorg}
 H - a +2 hat (worn)
Magical Staves
 C - an uncursed staff of conjuration
 D - an uncursed staff of earth (weapon)
Jewellery
 s - the amulet of Xeotz (around neck) {Acrobat +Blink rC++ Int-3 SInv}
   (You took it off a deep elf blademaster in the Dungeon)

   [amulet of the acrobat]

   It helps you evade while moving and waiting.
   It affects your intelligence (-3).
   It greatly protects you from cold.
   It lets you see invisible.
   It lets you blink.
 t - the ring "Gexy" (left hand) {EV+4 Stlth+}
   (You took it off a deep elf death mage in the Dungeon)

   [ring of evasion]

   It affects your evasion (+4).
   It makes you more stealthy.
 u - an uncursed amulet of magic regeneration
 w - an uncursed ring of poison resistance
 x - the ring "Etsae" (right hand) {rElec MR- Int+6 SInv}
   (You found it in the Dungeon)

   [ring of intelligence]

   It affects your intelligence (+6).
   It insulates you from electricity.
   It affects your resistance to hostile enchantments.
   It lets you see invisible.
 M - an uncursed amulet of regeneration
Wands
 g - a wand of disintegration (14)
 o - a wand of flame (24)
 v - a wand of iceblast (9)
 L - a wand of digging (7)
Scrolls
 a - 3 scrolls of silence
 c - a scroll of immolation
 i - 2 scrolls of blinking
 j - 6 scrolls of identify
 k - a scroll of enchant armour
 m - a scroll of holy word
 r - 4 scrolls of amnesia
 I - a scroll of fear
 J - a scroll of fog
Potions
 d - 4 potions of curing
 h - 3 potions of berserk rage
 l - a potion of flight
 n - 5 potions of mutation
 p - a potion of might
 K - a potion of magic
Miscellaneous
 q - a condenser vane (2/2)
 y - a lightning rod (4/4)
 z - a box of beasts (3/3)
 A - a phantom mirror
 B - a phantom mirror
 F - a tin of tremorstones (3/3)
 N - a phantom mirror


   Skills:
 - Level 2.7 Fighting
 + Level 5.9 Armour
 + Level 10.0 Dodging
 + Level 7.3 Stealth
 O Level 27 Spellcasting
 + Level 9.8 Conjurations
 + Level 6.8 Hexes
 + Level 7.5 Transmutations
 * Level 15.7 Fire Magic
 O Level 27 Earth Magic
 + Level 3.9 Evocations


You had 15 spell levels left.
You knew the following spells:

 Your Spells              Type           Power        Failure   Level
a - Sandblast             Erth           ######       0%          1
b - Passwall              Tmut/Erth      ########     0%          2
c - Stone Arrow           Conj/Erth      ######       0%          3
d - Lee's Rapid Deconstr  Erth           ########..   0%          5
e - Petrify               Tmut/Erth      ########     0%          4
f - Bolt of Magma         Conj/Fire/Erth ########..   0%          5
g - Inner Flame           Hex/Fire       #######.     1%          3
h - Iron Shot             Conj/Erth      ########..   1%          6
i - Statue Form           Tmut/Erth      ########.    1%          6
j - Shatter               Erth           ########..   1%          9
k - Ignition              Fire           #######...   3%          8

Your spell library contained the following spells:

 Spells                   Type           Power        Failure   Level
 Chain Lightning          Conj/Air       ######....   89%         8
 Tornado                  Air            #####.....   100%        9
 Foxfire                  Conj/Fire      ####         0%          1
 Magic Dart               Conj           ####         0%          1
 Conjure Flame            Conj/Fire      #######.     0%          3
 Leda's Liquefaction      Hex/Erth       ########..   0%          4
 Animate Skeleton         Necr           #####.       1%          1
 Apportation              Tloc           #####.       1%          1
 Corona                   Hex            ######.      1%          1
 Summon Small Mammal      Summ           ####         1%          1
 Blink                    Tloc           N/A          1%          2
 Call Imp                 Summ           #####...     1%          2
 Slow                     Hex            ######..     1%          2
 Sublimation of Blood     Necr           #####.....   1%          2
 Confusing Touch          Hex            ######..     1%          3
 Mephitic Cloud           Conj/Pois/Air  ######..     1%          3
 Iskenderun's Mystic Bla  Conj/Tloc      ######..     1%          4
 Sticky Flame             Conj/Fire      #######.     1%          4
 Borgnjor's Vile Clutch   Necr/Erth      ########..   1%          5
 Fireball                 Conj/Fire      #######...   1%          5
 Irradiate                Conj/Tmut      ######....   1%          5
 Yara's Violent Unravell  Hex/Tmut       ######....   1%          5
 Gell's Gravitas          Tloc           #####.....   3%          3
 Teleport Other           Tloc           #####...     3%          3
 Vampiric Draining        Necr           #####.....   3%          3
 Conjure Ball Lightning   Conj/Air       ######....   6%          6
 Metabolic Englaciation   Hex/Ice        ######....   7%          5
 Silence                  Hex/Air        ######....   7%          5
 Hydra Form               Tmut           ######....   7%          6
 Dispel Undead            Necr           #####...     10%         4
 Summon Lightning Spire   Summ/Air       #####...     10%         4
 Excruciating Wounds      Necr           #####.....   28%         5
 Summon Forest            Summ/Tloc      #####.....   28%         5
 Dragon Form              Tmut           ######....   36%         7


Dungeon Overview and Level Annotations

Branches:
Dungeon (1/1)

Altars:
Cheibriados
Dithmenos
Elyvilon
Fedhas
Gozag
Hepliaklqana
Kikubaaqudgha
Makhleb
Nemelex Xobeh
Okawaru
Qazlal
Ru
Sif Muna
Trog
Uskayaw
Vehumet
Wu Jian
Xom
Yredelemnul
Zin
The Shining One
Beogh
Jiyva
Lugonu

Shops:
D ?:(*[[}}?![:([=:}([

Annotations:
D exclusion: statue, Mara, Mennas


Message History

Unknown command.
You're too confused to cast spells.
You're too confused to move!
There are monsters nearby!
Unknown command.
You feel better.
Mennas hits you with a +4 sacred scourge of holy wrath!!
Mennas hits you with a +4 sacred scourge of holy wrath!
* * * LOW HITPOINT WARNING * * *
Unknown command.
Casting: Ignition (quite dangerous; 3% risk of failure)
Confirm with . or Enter, or press ? or * to list all spells.
The spell is quite dangerous to cast (3% risk of failure)!
Continue anyway?
The air bursts into flame!
The fireball engulfs the yaktaur captain!
The yaktaur captain is severely wounded.
The fireball engulfs Mennas!
Mennas is severely wounded.
Mennas hits you with a +4 sacred scourge of holy wrath!
You die...

.#####(#.##......*
.#(.....)........#
######....#......#
.....#[###..c....#
..#..#.#.........#
.#.#.#.'..#......#
.....#.#..#......#
...))#.#..#....A.#
.#.#.'.#..#....^@#
..#).#.#..#....^^#
)....###########+#
######**********,*
,*,*,*,*,*,*,*,*,*
+*+*+*+*+*+*+*+*+*
,,,,,^,,^^,,,,,^^*
^^,,,^,^,^,,,,^,,*
+*+*+*+*+*+*+*+*+*


You could see Mennas and a yaktaur captain.

Vanquished Creatures
  Boris (D)
  Sigmund (D)
  Rupert (D)
  A deep elf blademaster (D)
  Gastronok (D)
  A nagaraja (D)
  Roxanne (D)
  An entropy weaver (shapeshifter) (D)
  3 deep elf annihilators (D)
  A deep elf demonologist (D)
  Azrael (D)
  2 dire elephants (D)
  A fire dragon (D)
  Snorg (D)
  A deep elf death mage (D)
  A mummy priest (D)
  A deep elf high priest (D)
  2 hell beasts (D)
  A naga warrior (D)
  A hydra (D)
  2 centaur warriors (D)
  4 dancing weapons (D)
  Urug (D)
  4 death yaks (D)
  2 sun demons (D)
  2 deep elf knights (D)
  2 soul eaters (D)
  A death drake (D)
  A shadow wraith (D)
  3 skeletal warriors (D)
  An unseen horror (D)
  2 anaconda zombies (D)
  A spriggan druid (D)
  A lindwurm (D)
  An orange crystal statue (D)
  4 crystal guardians (D)
  2 oklob plants (D)
  4 deep elf magi (D)
  An orc sorcerer (D)
  A stone giant skeleton (D)
  2 elephants (D)
  A molten gargoyle (D)
  A guardian serpent (D)
  8 black mambas (D)
  4 statues (D)
  Edmund (D)
  2 cane toads (D)
  A rime drake (D)
  4 yaktaurs (D)
  A komodo dragon (D)
  2 ice devils (D)
  4 spriggan defenders (D)
  3 wandering mushrooms (D)
  A queen bee (D)
  2 tyrant leeches (D)
  8 blink frogs (D)
  An orc high priest (D)
  4 slime creatures (D)
  2 spriggans (D)
  A shadow (D)
  3 redbacks (D)
  A spatial vortex (D)
  2 nagas (D)
  3 water moccasins (D)
  2 hydra simulacra (D)
  3 iron troll simulacra (D)
  A floating eye (D)
  An orc warrior (D)
  A swamp drake (D)
  A necrophage (D)
  2 centaurs (D)
  An earth elemental (D)
  A water elemental (D)
  A scorpion (D)
  32 killer bees (D)
  An electric eel (D)
  A jelly (D)
  5 orc priests (D)
  5 orc wizards (D)
  A wizard (D)
  A necromancer (D)
  A polar bear simulacrum (D)
  A wolf simulacrum (D)
  3 humans (D)
  A kobold demonologist (D)
  5 adders (D)
  9 orcs (D)
  4 rats (D)
  A ballistomycete spore (D)
  4 bushes (D)
  2 crawling corpses (D)
217 creatures vanquished.

Vanquished Creatures (others)
  A hydra (D)
  3 bushes (D)
  31 plants (D)
35 creatures vanquished.

Grand Total: 252 creatures vanquished

Notes
Turn   | Place    | Note
-------+----------+-------------------------------------------
     0 | D        | mhtbhm the Deep Elf Earth Elementalist began the quest for
                  | the Orb.
     0 | D        | Reached XP level 1. HP: 10/10 MP: 6/6
    63 | D        | Reached skill level 5 in Earth Magic
    63 | D        | Reached XP level 2. HP: 15/15 MP: 1/9
   136 | D        | Learned a level 2 spell: Passwall
   143 | D        | Noticed a scorpion
   149 | D        | Killed a scorpion
   149 | D        | Reached XP level 3. HP: 19/19 MP: 7/12
   149 | D        | Reached XP level 4. HP: 24/24 MP: 8/14
   185 | D        | Learned a level 3 spell: Stone Arrow
   299 | D        | Noticed a water elemental
   302 | D        | Killed a water elemental
   333 | D        | Found a radiant altar of Vehumet.
   333 | D        | Found a shimmering blue altar of Sif Muna.
   333 | D        | Found an ancient bone altar of Kikubaaqudgha.
   333 | D        | Noticed a wizard
   334 | D        | Killed a wizard
   334 | D        | Reached XP level 5. HP: 28/28 MP: 15/17
   345 | D        | Became a worshipper of Vehumet
   352 | D        | Learned a level 5 spell: Lee's Rapid Deconstruction
   357 | D        | Learned a level 4 spell: Petrify
   412 | D        | Found a basalt altar of Yredelemnul.
   412 | D        | Found a shadowy altar of Dithmenos.
   412 | D        | Found a sacrificial altar of Ru.
   412 | D        | Noticed a necrophage
   413 | D        | Killed a necrophage
   413 | D        | Reached skill level 5 in Dodging
   413 | D        | Reached skill level 10 in Earth Magic
   413 | D        | Reached XP level 6. HP: 32/32 MP: 12/20
   467 | D        | Found a hide-covered altar of Uskayaw.
   467 | D        | Found a roughly hewn altar of Beogh.
   467 | D        | Found an iron altar of Okawaru.
   467 | D        | Found a bloodstained altar of Trog.
   467 | D        | Found an ornate altar of the Wu Jian Council.
   467 | D        | Noticed a human
   467 | D        | Noticed a human
   468 | D        | Killed a human
   468 | D        | Reached * piety under Vehumet
   468 | D        | Offered knowledge of Freeze by Vehumet.
   468 | D        | Reached skill level 5 in Stealth
   468 | D        | Reached skill level 10 in Spellcasting
   469 | D        | Killed a human
   469 | D        | Reached XP level 7. HP: 36/36 MP: 10/23
   542 | D        | Found a glowing silver altar of Zin.
   542 | D        | Found a glowing golden altar of the Shining One.
   542 | D        | Found a white marble altar of Elyvilon.
   542 | D        | Noticed a deep elf mage
   544 | D        | Killed a deep elf mage
   737 | D        | Reached ** piety under Vehumet
   737 | D        | Offered knowledge of Foxfire by Vehumet.
   737 | D        | Noticed a shadow
   741 | D        | Killed a shadow
   741 | D        | Reached XP level 8. HP: 41/41 MP: 7/27
   846 | D        | Found a blossoming altar of Fedhas.
   846 | D        | Found a stormy altar of Qazlal.
   846 | D        | Found a snail-covered altar of Cheibriados.
   846 | D        | Found a burning altar of Makhleb.
   846 | D        | Found a shimmering altar of Xom.
   847 | D        | Found a hazy altar of Hepliaklqana.
   847 | D        | Found an opulent altar of Gozag.
   847 | D        | Found a sparkling altar of Nemelex Xobeh.
   847 | D        | Found a corrupted altar of Lugonu.
   847 | D        | Found a viscous altar of Jiyva.
   905 | D        | Noticed Snorg
   915 | D        | Killed Snorg
   915 | D        | Offered knowledge of Conjure Flame by Vehumet.
   915 | D        | Reached skill level 15 in Spellcasting
   915 | D        | Reached skill level 15 in Earth Magic
   915 | D        | Reached XP level 9. HP: 20/45 MP: 12/30
  1104 | D        | Reached *** piety under Vehumet
  1176 | D        | Noticed a centaur warrior
  1180 | D        | Offered knowledge of Hailstorm by Vehumet.
  1182 | D        | Killed a centaur warrior
  1425 | D        | Killed an unseen horror
  1425 | D        | Reached **** piety under Vehumet
  1476 | D        | Noticed a wandering mushroom
  1479 | D        | Noticed a wandering mushroom
  1485 | D        | Killed a wandering mushroom
  1485 | D        | Offered knowledge of Static Discharge by Vehumet.
  1489 | D        | Killed a wandering mushroom
  1490 | D        | Noticed a wandering mushroom
  1530 | D        | Killed a seven-headed hydra
  1560 | D        | Killed a wandering mushroom
  1560 | D        | Reached XP level 10. HP: 50/50 MP: 28/34
  1603 | D        | Reached ***** piety under Vehumet
  1604 | D        | Reached skill level 1 in Conjurations
  1611 | D        | Reached ****** piety under Vehumet
  1756 | D        | Offered knowledge of Bolt of Magma by Vehumet.
  1775 | D        | Noticed an orc sorcerer
  1778 | D        | Killed an orc sorcerer
  1900 | D        | Found Iseoreus's General Store.
  1936 | D        | Bought a scroll of magic mapping for 49 gold pieces
  1936 | D        | Bought a scroll of remove curse for 42 gold pieces
  1936 | D        | Bought a scroll of identify for 28 gold pieces
  1966 | D        | Learned a level 5 spell: Bolt of Magma
  1986 | D        | Noticed a deep elf mage
  1986 | D        | Noticed a deep elf mage
  1986 | D        | Noticed a deep elf knight
  1986 | D        | Noticed a deep elf mage
  1986 | D        | Noticed a deep elf knight
  1995 | D        | Killed a deep elf knight
  1998 | D        | Killed a deep elf knight
  1998 | D        | Offered knowledge of Orb of Destruction by Vehumet.
  1999 | D        | Killed a deep elf mage
  1999 | D        | Reached skill level 1 in Evocations
  1999 | D        | Reached XP level 11. HP: 54/54 MP: 15/37
  2000 | D        | Killed a deep elf mage
  2002 | D        | Killed a deep elf mage
  2116 | D        | Noticed a deep elf annihilator
  2118 | D        | Noticed a deep elf annihilator
  2119 | D        | Noticed a deep elf high priest
  2120 | D        | Killed a deep elf annihilator
  2122 | D        | Killed a deep elf high priest
  2203 | D        | Noticed a deep elf demonologist
  2205 | D        | Killed a deep elf demonologist
  2232 | D        | Identified the amulet of Xeotz {Acrobat +Blink rC++ Int-3
                  | SInv}
  2232 | D        | Noticed a deep elf blademaster
  2238 | D        | Noticed a deep elf annihilator
  2241 | D        | Killed a deep elf annihilator
  2243 | D        | Identified the ring "Gexy" {EV+4 Stlth+}
  2243 | D        | Noticed a deep elf death mage
  2244 | D        | Killed a deep elf death mage
  2245 | D        | Killed a deep elf blademaster
  2361 | D        | Killed a deep elf annihilator
  2361 | D        | Offered knowledge of Starburst by Vehumet.
  2361 | D        | Reached skill level 1 in Fire Magic
  2361 | D        | Reached XP level 12. HP: 59/59 MP: 34/41
  2407 | D        | Identified Ekla Bytole's Papyrus of Scorching Sinister
                  | Secrets
  2413 | D        | Got a transparent brass ring
  2446 | D        | Identified the ring "Etsae" {rElec MR- Int+6 SInv} (You
                  | found it in the Dungeon)
  2475 | D        | Learned a level 3 spell: Inner Flame
  2518 | D        | Noticed Sigmund
  2518 | D        | Noticed Edmund
  2522 | D        | Killed Sigmund
  2522 | D        | Reached skill level 1 in Armour
  2527 | D        | Killed Edmund
  2751 | D        | Offered knowledge of Iskenderun's Battlesphere by Vehumet.
  2811 | D        | Noticed Boris
  2844 | D        | Killed Boris
  2868 | D        | Reached XP level 13. HP: 56/63 MP: 17/45
  3006 | D        | Offered knowledge of Ozocubu's Refrigeration by Vehumet.
  3081 | D        | Found Hees's Armour Emporium.
  3081 | D        | Found Tucsaigg's Book Boutique.
  3081 | D        | Found Jen Ety's Antique Armour Shoppe.
  3081 | D        | Found Boudeqyis's Antique Weapon Boutique.
  3081 | D        | Found Tybuubuk's Jewellery Emporium.
  3081 | D        | Found Gecib's Antique Armour Shoppe.
  3081 | D        | Found Caigiott's Antique Weapon Shop.
  3081 | D        | Found Viabluy's Distillery.
  3081 | D        | Found Ekutoops's Gadget Emporium.
  3081 | D        | Found Aloem's Magic Scroll Emporium.
  3081 | D        | Found Kikoyff's Book Boutique.
  3115 | D        | Bought a pair of embroidered boots for 180 gold pieces
  3160 | D        | Reached skill level 27 in Spellcasting
  3298 | D        | Offered knowledge of Iron Shot by Vehumet.
  3317 | D        | Learned a level 6 spell: Iron Shot
  3323 | D        | Noticed a fire dragon
  3327 | D        | Killed a fire dragon
  3572 | D        | Noticed Mara
  3586 | D        | Noticed a mummy priest
  3589 | D        | Killed a mummy priest
  3621 | D        | Found Lopn's Armour Shop.
  3624 | D        | Offered knowledge of Freezing Cloud by Vehumet.
  3645 | D        | Found Echeiga's Gadget Shoppe.
  3645 | D        | Found Deveadiuw's Gadget Shop.
  3645 | D        | Found Xelaeb's Armour Emporium.
  3645 | D        | Noticed Roxanne
  3648 | D        | Killed Roxanne
  3861 | D        | Learned a level 6 spell: Statue Form
  4042 | D        | Offered knowledge of Shatter by Vehumet.
  4042 | D        | Offered knowledge of Chain Lightning by Vehumet.
  4042 | D        | Offered knowledge of Tornado by Vehumet.
  4042 | D        | Reached skill level 27 in Earth Magic
  4047 | D        | Reached skill level 1 in Fighting
  4176 | D        | Learned a level 9 spell: Shatter
  4239 | D        | Reached skill level 1 in Hexes
  4457 | D        | Noticed Rupert
  4460 | D        | Killed Rupert
  4460 | D        | Reached skill level 5 in Conjurations
  4460 | D        | Reached skill level 5 in Transmutations
  4460 | D        | Reached XP level 14. HP: 72/72 MP: 30/47
  4523 | D        | Learned a level 8 spell: Ignition
  4532 | D        | Reached skill level 5 in Fire Magic
  4622 | D        | Noticed an azure jelly
  4622 | D        | Noticed an azure jelly
  4721 | D        | Reached skill level 5 in Armour
  4721 | D        | Reached skill level 5 in Hexes
  4811 | D        | Reached skill level 10 in Fire Magic
  4888 | D        | Noticed a nagaraja
  4892 | D        | Killed a nagaraja
  4966 | D        | Found Recon's Magic Scroll Boutique.
  4966 | D        | Found Nedugiph's Book Emporium.
  4970 | D        | Found Gapeng's Antique Weapon Shop.
  4978 | D        | Bought 3 scrolls of blinking for 315 gold pieces
  4978 | D        | Bought a scroll of identify for 28 gold pieces
  5012 | D        | Got a serpentine rune of Zot
  5106 | D        | Noticed an azure jelly
  5106 | D        | Noticed an azure jelly
  5107 | D        | Noticed Gastronok
  5111 | D        | Killed Gastronok
  5351 | D        | Noticed Urug
  5355 | D        | Killed Urug
  5497 | D        | Found a blossoming altar of Fedhas.
  5805 | D        | Reached skill level 15 in Fire Magic
  5852 | D        | Noticed Azrael
  5855 | D        | Killed Azrael
  5877 | D        | Acquired 508 gold pieces
  5880 | D        | Acquired the Tome of the Compass and Earth
  5968 | D        | Noticed an entropy weaver
  5968 | D        | a tyrant leech changed into an entropy weaver
  5971 | D        | an entropy weaver changed into a catoblepas
  5975 | D        | Noticed an azure jelly
  5975 | D        | a catoblepas changed into an azure jelly
  5976 | D        | an azure jelly changed into a catoblepas
  5982 | D        | Noticed an entropy weaver
  5982 | D        | a catoblepas changed into an entropy weaver
  5984 | D        | an entropy weaver changed into a catoblepas
  5985 | D        | Noticed an entropy weaver
  5985 | D        | a catoblepas changed into an entropy weaver
  5987 | D        | Killed an entropy weaver
  5987 | D        | Reached skill level 10 in Dodging
  6039 | D        | Noticed Mennas
  6052 | D        | Mangled by Mennas

Illustrated notes

Levels and vault maps discovered:
D:        dungeon_sprint_mu [sprint_mu_entry_forest, sprint_mu_temple_rooms,
          sprint_mu_d1_horrors, sprint_mu_d2_genie, sprint_mu_d3_branching,
          sprint_mu_orc_legion, sprint_mu_elf_gauntlet, sprint_mu_hive_nellie,
          sprint_mu_lair_fedhas, sprint_mu_vaults_butterflies,
          sprint_mu_slime_circle, sprint_mu_swamp_cave, sprint_mu_snake_twists,
          sprint_mu_blade_basic, sprint_mu_crypt_chambers,
          sprint_mu_tomb_spiral, sprint_mu_vestibule_basic,
          sprint_mu_gehenna_hellfire, sprint_mu_dis_giant,
          sprint_mu_tartarus_statrot, sprint_mu_cocytus_islands, sprint_mu_zot1]

Skill      XL: |  1  2  3  4  5  6  7  8  9 10 11 12 13 14 |
---------------+-------------------------------------------+-----
Earth Magic    | 5 7 9 10 12 13 15 17 19 21 23 27 | 27.0
Dodging        | 3 4 5 6 7 8 10 | 10.0
Stealth        | 3 4 5 6 7 |  7.3
Spellcasting   | 4 6 7 9 11 13 15 18 20 23 26 27 | 27.0
Transmutations | 2 3 5 7 |  7.5
Conjurations   | 2 3 5 9 |  9.8
Evocations     | 1 3 |  3.9
Fire Magic     | 1 2 3 15 | 15.7
Armour         | 2 4 5 |  5.9
Fighting       | 2 |  2.7
Hexes          | 3 6 |  6.8

Action                   |  1- 3 |  4- 6 |  7- 9 | 10-12 | 13-15 || total
-------------------------+-------+-------+-------+-------+-------++-------
Melee: Staff             |       |       |       |       |     3 ||     3
 Cast: Sandblast         |    10 |     6 |       |       |       ||    16
       Lee's Rapid Decon |       |     2 |    21 |    72 |   129 ||   224
       Petrify           |       |       |     1 |     1 |     2 ||     4
       Stone Arrow       |       |       |     9 |     3 |     6 ||    18
       Bolt of Magma     |       |       |       |     5 |     1 ||     6
       Statue Form       |       |       |       |       |     2 ||     2
       Inner Flame       |       |       |       |       |     1 ||     1
       Ignition          |       |       |       |       |     4 ||     4
       Iron Shot         |       |       |       |       |     2 ||     2
       Passwall          |       |       |       |       |     2 ||     2
       Shatter           |       |       |       |       |     1 ||     1
 Abil: Evoke Blink       |       |       |       |     2 |       ||     2
Evoke: Condenser vane    |       |       |       |     3 |     1 ||     4
  Use: Potion            |       |       |     1 |     3 |     4 ||     8
       Scroll            |       |       |     1 |     5 |    13 ||    19
Armor: Robe              |       |       |     2 |     1 |       ||     3
       Troll leather arm |       |       |       |       |     3 ||     3
Dodge: Dodged            |     2 |       |     4 |    11 |    30 ||    47

Table legend: (Time is in decaauts)
 A = Elapsed time spent in this place.
 B = Non-inter-level travel time spent in this place.
 C = Inter-level travel time spent in this place.
 D = Time resting spent in this place.
 E = Time spent auto-exploring this place.
 F = Levels seen in this place.
 G = Mean time per level.
                   A        B        C        D        E       F      G
               +--------+--------+--------+--------+--------+-----+--------+
         Total |   6133 |   6133 |      0 |   3956 |      1 |   1 | 6133.0 |
       Dungeon |   6133 |   6133 |      0 |   3956 |      1 |   1 | 6133.0 |
               +--------+--------+--------+--------+--------+-----+--------+

Top non-repeatable levels by time:
       D: 6133 daAuts
